 Dungeon Crawl Stone Soup version 0.29.0-10-g45618ea6d2 (webtiles) character file.

Game seed: 1524428481211566631

95 vianneychevalier the Trooper (level 4, -11/41 HPs)
             Began as a Hill Orc Fighter on Sept 1, 2022.
             Was an Initiate of Makhleb.
             Mangled by Crazy Yiuf
             ... wielding a +3 quarterstaff of chaos
              (16 damage)
             ... on level 2 of the Dungeon.
             The game lasted 00:02:30 (1561 turns).

vianneychevalier the Trooper (Hill Orc Fighter)     Turns: 1561, Time: 00:02:31

Health: -11/41     AC:  7    Str: 18    XL:     4   Next: 66%
Magic:  4/4        EV:  9    Int:  8    God:    Makhleb [......]
Gold:   87         SH:  5    Dex: 12    Spells: 3/3 levels left

rFire   . . .      SeeInvis .   a - +0 war axe
rCold   . . .      Faith    .   c - +0 buckler
rNeg    . . .      Spirit   .   b - +0 scale mail
rPois   .          Reflect  .   (no helmet)
rElec   .          Harm     .   (no cloak)
rCorr   .          Rampage  .   (no gloves)
Will    .....                   (no boots)
Stlth   ..........              (no amulet)
HPRegen 0.13/turn               (no ring)
MPRegen 0.09/turn               (no ring)

@: no status effects
A: no striking features
a: Renounce Religion


You were on level 2 of the Dungeon.
You worshipped Makhleb.
Makhleb was noncommittal.
You visited 1 branch of the dungeon, and saw 2 of its levels.

You collected 87 gold pieces.

Inventory:

Hand Weapons
 a - a +0 war axe (weapon)
Armour
 b - a +0 scale mail (worn)
 c - a +0 buckler (worn)
Jewellery
 f - a +6 ring of strength
Scrolls
 e - 2 scrolls of identify {unknown}
 h - a scroll of butterflies {unknown}
 i - a scroll of enchant armour {unknown}
Potions
 d - a potion of might
 g - a potion of curing {unknown}


   Skills:
 + Level 4.4 Fighting
 + Level 4.1 Axes
 + Level 4.0 Armour
 + Level 0.2 Dodging
 + Level 3.8 Shields


You had 3 spell levels left.
You didn't know any spells.
Your spell library was empty.

Dungeon Overview and Level Annotations

Branches:
Dungeon (2/15)

Altars:
Makhleb

Annotations:
D:2 Crazy Yiuf


Message History

You hit the fungus.
The fungus is lightly damaged.
You hit the fungus.
The fungus is lightly damaged.
A nearby fungus withers and dies.
You see here a +0 hammer.
You see here a +0 hammer.
You see here a +0 hammer.
You see here a +0 hammer.
You see here a +0 hammer.
You see here a +0 hammer.
You see here a +0 club.
You see here a +0 hammer.
You see here a +0 hammer.
You see here a +0 hammer.
You see here a +0 hammer.
You see here a +0 hammer.
You see here a +0 hammer.
Crazy Yiuf shouts!
You open the door.
Crazy Yiuf cries, "Snower verde green!"
You hit Crazy Yiuf.
Crazy Yiuf is lightly wounded.
Crazy Yiuf hits you with a +3 quarterstaff of chaos.
You are electrocuted!
You closely miss Crazy Yiuf.
Crazy Yiuf is lightly wounded.
Crazy Yiuf hits you with a +3 quarterstaff of chaos!
You resist with some effort.
You slash Crazy Yiuf!
Crazy Yiuf is heavily wounded.
Crazy Yiuf hits you but does no damage.
Crazy Yiuf hits you with a +3 quarterstaff of chaos!
* * * LOW HITPOINT WARNING * * *
Crazy Yiuf freezes you.
* * * LOW HITPOINT WARNING * * *
You hit Crazy Yiuf.
Crazy Yiuf is severely wounded.
Crazy Yiuf hits you with a +3 quarterstaff of chaos!
You die...

#))))####
#.#
#))))#
#.#
♣..))♣
#.#
♣.))♣♣
#.# ♣♣.♣♣
# ♣.♣♣
♣♣.♣ ♣.♣♣
♣♣@♣ #g#
... #...#
#..)#
#####


You could see Crazy Yiuf.

Vanquished Creatures
  3 gnolls (D:2)
  3 adders (D:2)
  3 dart slugs
  A ball python (D:1)
  7 endoplasms
  5 goblins
  4 hobgoblins (D:1)
  A quokka (D:2)
  3 bats
  2 kobolds
  3 rats
35 creatures vanquished.

Vanquished Creatures (others)
  2 fungi (D:2)
  6 plants (D:2)
8 creatures vanquished.

Grand Total: 43 creatures vanquished

Notes
Turn   | Place    | Note
-------+----------+-------------------------------------------
     0 | D:1      | vianneychevalier the Hill Orc Fighter began the quest for
                  | the Orb.
     0 | D:1      | Reached XP level 1. HP: 19/19 MP: 1/1
   115 | D:1      | Reached XP level 2. HP: 27/27 MP: 2/2
   726 | D:2      | Reached XP level 3. HP: 33/33 MP: 3/3
   795 | D:2      | Reached XP level 4. HP: 8/40 MP: 4/4
  1196 | D:2      | Found a burning altar of Makhleb.
  1222 | D:2      | Became a worshipper of Makhleb the Destroyer
  1525 | D:2      | Found a runed translucent door.
  1554 | D:2      | Noticed Crazy Yiuf
  1561 | D:2      | Mangled by Crazy Yiuf

Illustrated notes

Levels and vault maps discovered:
D:1:      tarquinn_simple_flora_water_b, layout_rooms, nicolae_titane
D:2:      layout_basic, basic_altar, grunt_ministairs_15, wad_floor_pattern_1,
          fountainhead, serial_bayou_pond_c, uniq_crazy_yiuf_cottage

Skill      XL: |  1  2  3  4 |
---------------+-------------+-----
Fighting       | 4 |  4.4
Axes           | 3 4 |  4.1
Armour         | 4 |  4.0
Dodging        | |  0.2
Shields        | |  3.8

Action                   |  1- 3 |  4- 6 || total
-------------------------+-------+-------++-------
Melee: War axe           |    50 |    47 ||    97
Armor: Scale mail        |    20 |    16 ||    36
Dodge: Dodged            |    21 |    15 ||    36
Block: Buckler           |     7 |     9 ||    16
